 Dungeon Crawl Stone Soup version 0.23.1 (webtiles) character file.

Game seed: 0

118 Fang the Skirmisher (level 5, -2/33 HPs)
             Began as a Gargoyle Berserker on Mar 7, 2019.
             Was a Believer of Trog.
             Slain by an orc (3 damage)
             ... on level 3 of the Dungeon.
             The game lasted 00:03:11 (2183 turns).

Fang the Skirmisher (Gargoyle Berserker)            Turns: 2183, Time: 00:03:12

Health: -2/33      AC:  6    Str: 21    XL:     5   Next: 2%
Magic:  5/5        EV: 12    Int:  8    God:    Trog [**....]
Gold:   93         SH:  0    Dex:  9    Spells: 4/4 levels left

rFire    + . .     SeeInvis .   s - +0 war axe
rCold    . . .     Gourm    +   (no shield)
rNeg     + . .     Faith    .   b - +0 animal skin
rPois    ∞         Spirit   .   (no helmet)
rElec    +         Reflect  .   (no cloak)
rCorr    .         Harm     .   (no gloves)
MR       .....     Rnd*Rage +   (no boots)
Stlth    ..........             p - amulet of the gourmand
HPRegen  0.11/turn              n - ring of protection from fire
MPRegen  0.09/turn              (no ring)

@: confused
A: hooves 1, berserk 1, negative energy resistance 1, electricity resistance,
unbreathing, petrification resistance, rot immunity, sturdy frame 1, AC +4
a: Berserk, Trog's Hand, Renounce Religion


You were on level 3 of the Dungeon.
You worshipped Trog.
Trog was pleased with you.
You were not hungry.

You visited 1 branch of the dungeon, and saw 3 of its levels.

You collected 93 gold pieces.

Inventory:

Hand Weapons
 s - a +0 war axe (weapon)
Armour
 b - a +0 animal skin (worn)
Jewellery
 n - a ring of protection from fire (left hand)
 p - an amulet of the gourmand (around neck)
Scrolls
 f - 3 scrolls of identify {unknown}
 g - 3 scrolls of enchant weapon {unknown}
 i - 2 scrolls of teleportation {unknown}
 k - 2 scrolls of magic mapping {unknown}
 l - a scroll of remove curse {unknown}
 m - a scroll of amnesia {unknown}
 q - a scroll of fog {unknown}
Potions
 e - a potion of lignification {unknown}
 h - a potion of mutation
 j - a potion of curing {unknown}
 o - a potion of heal wounds {unknown}
 r - 2 potions of haste {unknown}
Comestibles
 c - 3 rations


   Skills:
 + Level 4.2 Fighting
 + Level 3.3 Axes
 + Level 3.3 Armour
 + Level 2.4 Dodging


You had 4 spell levels left.
You didn't know any spells.
Your spell library was empty.

Dungeon Overview and Level Annotations

Branches:
Dungeon (3/15)

Altars:
The Shining One

Annotations:
D:3 2 transporters


Innate Abilities, Weirdness & Mutations

You are resistant to torment.
Your stone body is resilient. (AC +4)
You are immune to poison.
You resist negative energy. (rN+)
You are resistant to electric shocks. (rElec)
You can survive without breathing.
You are immune to petrification.
You are immune to rotting.
You have large cloven feet.
You tend to lose your temper in combat.
Your movements are slightly less encumbered by armour. (ER -2)


Message History

You are too confused!
The orc priest closely misses you.
The orc priest calls upon Beogh to heal the orc.
The orc's wounds heal themselves!
Something hits you but does no damage. The orc hits you but does no damage.
The orc priest invokes the aid of Beogh against you.
Something writhes in agony.
Something hits you but does no damage. The orc hits you.
You see here a +0 dagger.
You miss something. You closely miss the orc.
The orc priest mumbles some strange prayers to Beogh against you.
Beogh smites you!
* * * LOW HITPOINT WARNING * * *
Something hits you.
* * * LOW HITPOINT WARNING * * *
It was a potion of mutation.
You feel extremely strange.
You feel less encumbered by your armour.
You feel a little pissed off.
Your feet thicken and deform.
The orc hits you.
You die...

#.# ##....#
#.###.[..##
#.##....##
#........#
#........#########
#................#
#........#######.#
################.#
........@..#
.#...#)oo#.#
...........#
.#.%.#...###
..........#
###########


You could see an orc priest and an orc.

Vanquished Creatures
  3 adders
  An ooze (D:2)
  2 worms (D:2)
  4 dart slugs
  2 leopard geckos
  An orc (D:3)
  9 bats
  7 giant cockroaches
  5 goblins
  11 hobgoblins
  8 kobolds
  A quokka (D:2)
  A ball python (D:3)
  6 frilled lizards
  10 rats
71 creatures vanquished.

Notes
Turn   | Place    | Note
-------+----------+-------------------------------------------
     0 | D:1      | Fang the Gargoyle Berserker began the quest for the Orb.
     0 | D:1      | Reached XP level 1. HP: 14/14 MP: 1/1
   104 | D:1      | Reached XP level 2. HP: 13/19 MP: 2/2
   499 | D:1      | Reached XP level 3. HP: 23/24 MP: 3/3
   854 | D:2      | Reached ** piety under Trog
  1116 | D:2      | Reached XP level 4. HP: 12/29 MP: 4/4
  1490 | D:2      | Reached skill level 4 in Fighting
  1797 | D:3      | Found a transporter.
  1848 | D:3      | Found a transporter.
  2106 | D:3      | Found a glowing golden altar of the Shining One.
  2169 | D:3      | Reached XP level 5. HP: 33/33 MP: 5/5
  2182 | D:3      | HP: 1/33 [something (2)]
  2183 | D:3      | Gained mutation: Your movements are slightly less
                  | encumbered by armour. (ER -2) [potion of mutation]
  2183 | D:3      | Gained mutation: You tend to lose your temper in combat.
                  | [potion of mutation]
  2183 | D:3      | Gained mutation: You have large cloven feet. [potion of
                  | mutation]
  2183 | D:3      | Slain by an orc

Skill      XL: |  1  2  3  4 |
---------------+-------------+-----
Axes           | 3 |  3.3
Dodging        | 2 |  2.4
Armour         | 3 |  3.3
Fighting       | 4 |  4.2

Action                   |  1- 3 |  4- 6 || total
-------------------------+-------+-------++-------
Melee: Hand axe          |   111 |   116 ||   227
       War axe           |       |    13 ||    13
Invok: Berserk           |     1 |       ||     1
  Use: Potion            |       |     1 ||     1
 Stab: Sleeping          |     1 |       ||     1
  Eat: Chunk             |     1 |     9 ||    10
Armor: Animal skin       |    46 |    55 ||   101
Dodge: Dodged            |    83 |    84 ||   167
